 Dungeon Crawl Stone Soup version 0.31-a0-851-g7ff8af7976 (webtiles) character file.

Game seed: 9678373268000492731

9 Kurtz the Sneak (level 2, -6/24 HPs)
             Began as a Mummy Delver on Oct 6, 2023.
             Was an Initiate of Makhleb.
             Mangled by a river rat (8 damage)
             ... on level 3 of the Dungeon.
             The game lasted 00:00:34 (321 turns).

Kurtz the Sneak (Mummy Delver)                       Turns: 321, Time: 00:00:35

Health: -6/24      AC:  8    Str: 15    XL:     2   Next: 6%
Magic:  2/2        EV:  7    Int:  9    God:    Makhleb [......]
Gold:   0          SH:  0    Dex: 13    Spells: 1/1 levels left

rFire   x . .        a - +0 hand axe
rCold   + . .        (no shield)
rNeg    + + +        h - +0 chain mail
rPois   ∞            (no helmet)
rElec   .            (no cloak)
rCorr   .            (no gloves)
SInv    .            (no boots)
Will    .....        (no amulet) Stlth
                     (no ring)
HPRegen 0.24/turn    (no ring)
MPRegen 0.08/turn

%: faith
@: no status effects
A: cold resistance 1, negative energy resistance 3, torment resistance 2, heat
vulnerability 1, in touch with death 1, no potions, faith
a: Renounce Religion


You were on level 3 of the Dungeon.
You worshipped Makhleb.
Makhleb was noncommittal.
You visited 2 branches of the dungeon, and saw 4 of its levels.

Inventory:

Hand Weapons
 a - a +0 hand axe (weapon)
Armour
 b - a +0 leather armour
 h - a +0 chain mail (worn)
Wands
 f - a wand of digging (3)
Scrolls
 c - a scroll of fog
 d - a scroll of revelation
 e - a scroll of fear
 g - a scroll of identify {unknown}


   Skills:
 - Level 3.0 Fighting
 * Level 2.0 Axes
 - Level 1.5 Dodging
 - Level 4.1 Stealth
 * Level 1.0 Invocations


You had one spell level left.
You didn't know any spells.
Your spell library was empty.

Dungeon Overview and Level Annotations

Branches:
Dungeon (5/15)             Temple (1/1) D:5

Altars:
Ashenzari
Dithmenos
Fedhas
Gozag
Hepliaklqana
Kikubaaqudgha
Makhleb
Nemelex Xobeh
Qazlal
Ru
Sif Muna
Uskayaw
Vehumet
Wu Jian
Xom

Annotations:
D:4 exclusion: downstairs


Innate Abilities, Weirdness & Mutations

You are immune to poison.
Your flesh is cold resistant. (rC+)
You are immune to negative energy. (rN+++)
You are immune to unholy pain and torment.
You are vulnerable to heat. (rF-)
You are in touch with the powers of death.
You do not drink.
You have a special connection with the divine. (Faith)


Message History

You hit the worm.
The worm is moderately wounded.
You hit the worm but do no damage. You punch the worm, but do no damage.
The worm is moderately wounded.
The worm bites you!
You barely miss the worm.
The worm is moderately wounded.
The worm bites you!
Ouch! That really hurt!
* * * LOW HITPOINT WARNING * * *
You hit the worm.
The worm is moderately wounded.
You hit the worm.
The worm is severely wounded.
The worm barely misses you.
You hit the worm but do no damage.
The worm is heavily wounded.
The worm bites you but does no damage.
You hit the worm.
The worm is severely wounded.
The worm splashes around in the water.
You hit the worm.
The worm is severely wounded.
You hit the worm but do no damage.
The worm is severely wounded.
The worm bites you but does no damage.
You hit the worm.
You kill the worm!
Makhleb accepts your kill.
Your Axes skill increases to level 2!
Your Invocations skill increases to level 1!
You have reached level 2!
You barely miss the river rat.
The river rat bites you but does no damage. x2
You hit the river rat but do no damage. The river rat bites you.
* * * LOW HITPOINT WARNING * * *
Unknown command.
You barely miss the river rat. The river rat barely misses you.
You barely miss the river rat. The river rat bites you!
You die...

#########
##.†~~~~~##
#~#######.#
#~# #.# #~#
#@# #~# #r#
#.# #r# #~#
#~# #.# #~#
#~##.~r~~##
##.#######
#.......##..#
###.....##..#


You could see a river rat and a quokka.

Vanquished Creatures
  2 worms (D:3)
  A goblin (D:4)
  A hobgoblin (D:4)
4 creatures vanquished.

Notes
Turn   | Place    | Note
-------+----------+-------------------------------------------
     0 | D:5      | Kurtz the Mummy Delver began the quest for the Orb.
     0 | D:5      | Reached XP level 1. HP: 18/18 MP: 1/1
     3 | D:5      | Found a staircase to the Ecumenical Temple.
    21 | Temple   | Entered the Ecumenical Temple
    94 | Temple   | Became a worshipper of Makhleb the Destroyer
   169 | D:5      | Noticed a scorpion
   169 | D:5      | Noticed a jelly
   172 | D:5      | Noticed a scorpion
   318 | D:3      | Reached skill level 1 in Invocations
   318 | D:3      | Reached XP level 2. HP: 6/24 MP: 2/2
   321 | D:3      | Mangled by a river rat

Illustrated notes

Levels and vault maps discovered:
D:3:      layout_basic, gammafunk_temple_overflow_wave,
          hellmonk_ecumenical_altar_defaced_shrine, gup_sewer_entry_spiral
D:4:      layout_rooms
D:5:      layout_basic, minmay_temple_entry_sparse_star, serial_shops, shop,
          hangedman_glass_teeth, grunt_ministairs_7
Temple:   minmay_temple_bridge_d

Skill      XL: |  1 |
---------------+----+-----
Axes           | 2 |  2.0
Invocations    | 1 |  1.0
Fighting       | |  3.0
Dodging        | |  1.5
Stealth        | |  4.1

Action                     || total
---------------------------++-------
  Melee: Hand axe          ||    24
         Punch             ||     2
 Armour: Chain mail        ||    13
  Dodge: Dodged            ||     5

Table legend: (Time is in decaauts)
 A = Elapsed time spent in this place.
 B = Non-inter-level travel time spent in this place.
 C = Inter-level travel time spent in this place.
 D = Time resting spent in this place.
 E = Time spent auto-exploring this place.
 F = Levels seen in this place.
 G = Mean time per level.
                   A        B        C        D        E       F      G
               +--------+--------+--------+--------+--------+-----+--------+
         Total |    337 |    184 |    153 |     42 |     39 |   4 |   84.2 |
       Dungeon |    191 |    184 |      7 |     42 |     39 |   3 |   63.7 |
        Temple |    146 |      1 |    145 |      0 |      0 |   1 |  146.0 |
               +--------+--------+--------+--------+--------+-----+--------+

Top non-repeatable levels by time:
  Temple: 146 daAuts
     D:3: 125 daAuts
     D:4: 35 daAuts
     D:5: 30 daAuts
